 Seeded DCSS version 0.31-a0-236-g9a0961fb85 (webtiles) character file.

Game seed: 18191686743832931448 (custom seed)

75 bmack86 the Chopper (level 4, 0/33 (39) HPs)
             Began as a Minotaur Fighter on July 10, 2023.
             Slain by Terence
             ... wielding a +0 falchion of draining
              (4 damage)
             ... while paralysed by Grinder
             ... on level 3 of the Dungeon.
             The game lasted 00:05:22 (1487 turns).

bmack86 the Chopper (Minotaur Fighter)              Turns: 1487, Time: 00:05:23

HP:   0/33 (39)     AC:  9    Str: 23    XL:     4   Next: 11%
MP:   3/3           EV:  2    Int:  5    God:
Gold: 29            SH:  0    Dex:  9    Spells: 3/3 levels left

rFire   . . .        a - +0 war axe
rCold   . . .        c - +0 buckler
rNeg    . . .        b - +0 scale mail
rPois   +            (helmet restricted)
rElec   .            (no cloak)
rCorr   .            (no gloves)
SInv    .            i - +1 pair of boots {Fly}
Will    .....        (no amulet) Stlth
                     f - ring of poison resistance
HPRegen 0.25/turn    (no ring)
MPRegen 0.08/turn

%: no passive effects
@: paralysed, flying, heavily drained
A: horns 2, retaliatory headbutt
a: no special abilities


You were on level 3 of the Dungeon.
You visited 1 branch of the dungeon, and saw 3 of its levels.

You collected 29 gold pieces.

Inventory:

Hand Weapons
 a - a +0 war axe (weapon)
Missiles
 e - 7 boomerangs (quivered)
Armour
 b - a +0 scale mail (worn)
 c - a +0 buckler (worn)
 i - a +1 pair of boots of flying (worn)
Jewellery
 f - a ring of poison resistance (left hand)
Scrolls
 k - a scroll of teleportation {unknown}
 n - a scroll of identify
 o - a scroll of enchant armour {unknown}
Potions
 d - a potion of might
 g - a potion of ambrosia
 h - 2 potions of attraction
 j - a potion of haste
 l - a potion of heal wounds
 m - a potion of lignification


   Skills:
 - Level 3.6 Fighting
 * Level 4.6 Axes
 + Level 4.5 Armour
 - Level 3.6 Shields


You had 3 spell levels left.
You didn't know any spells.
Your spell library contained the following spells:

 Spells                   Type           Power      Damage    Failure   Level
 Beastly Appendage        Tmut           0%         N/A       83%         1
 Freeze                   Ice            0%         1d3       83%         1
 Wereblood                Tmut           0%         N/A       93%         2
 Spider Form              Tmut/Pois      0%         N/A       99%         3


Dungeon Overview and Level Annotations

Branches:
Dungeon (3/15)

Altars:
Ashenzari

Annotations:
D:3 Grinder, Terence


Innate Abilities, Weirdness & Mutations

You have a pair of horns on your head.
You reflexively headbutt those who attack you in melee.


Message History

You throw a boomerang. The boomerang barely misses Terence.
A kobold comes into view. It is wielding a +0 club.
Grinder blinks!
You throw a boomerang.
The boomerang hits Terence but does no damage.
Grinder gestures at you. Pain shoots through your body!
You throw a boomerang. The boomerang barely misses Terence.
Grinder gestures at you. Pain shoots through your body!
You throw a boomerang. The boomerang hits Terence.
Terence is lightly wounded.
Terence hits you with a +0 falchion of draining.
You feel drained.
A kobold comes into view. It is wielding a +0 whip.
Grinder gestures at you.
You suddenly lose the ability to move!
You stop ascending the stairs.
Terence hits you with a +0 falchion of draining.
You feel drained. Terence hits you but does no damage.
You feel drained. The kobold hits you but does no damage.
Grinder gestures at you. Pain shoots through your body!
Terence says, "Did you write a will?
You should..."
Terence hits you with a +0 falchion of draining.
* * * LOW HITPOINT WARNING * * *
You feel drained.
* * * LOW HITPOINT WARNING * * *
The kobold hits you but does no damage.
Terence says, "You're history."
Terence hits you with a +0 falchion of draining.
* * * LOW HITPOINT WARNING * * *
You feel drained. Grinder hits you but does no damage.
The kobold hits you but does no damage.
Terence hits you with a +0 falchion of draining.
You die...

###### ######
#.....##.....##
.........[....#
.....<.@.......
......@5K......
.........K.....
...............
...............
...............
...............
#.....##.......


You could see Grinder, Terence and 2 kobolds.

Vanquished Creatures
  2 adders (D:2)
  A worm (D:2)
  3 dart slugs
  An orc (D:2)
  2 ball pythons (D:2)
  4 endoplasms
  8 goblins
  2 hobgoblins
  6 kobolds
  2 quokkas
  7 bats
  6 frilled lizards
  2 rats
46 creatures vanquished.

Notes
Turn   | Place    | Note
-------+----------+-------------------------------------------
     0 | D:1      | bmack86 the Minotaur Fighter began the quest for the Orb.
     0 | D:1      | Reached XP level 1. HP: 19/19 MP: 0/0
    74 | D:1      | Found a faded altar of an unknown god.
    78 | D:1      | Got Plato's Folio of the Chill
   140 | D:1      | Reached XP level 2. HP: 19/26 MP: 1/1
   499 | D:2      | Reached XP level 3. HP: 31/31 MP: 2/2
   624 | D:2      | Found a broken altar of Ashenzari.
   921 | D:2      | Reached XP level 4. HP: 39/39 MP: 3/3
  1478 | D:3      | Noticed Grinder
  1478 | D:3      | Noticed Terence
  1483 | D:3      | Paralysed by Grinder for 5 turns
  1487 | D:3      | Slain by Terence

Illustrated notes

Levels and vault maps discovered:
D:1:      eino_arrival_druids_welcome, layout_rooms,
          shapermc_ecumenical_altar_rom_forum
D:2:      layout_basic, basic_altar, minmay_bisected
D:3:      layout_rooms, hangedman_decor_lopped, uniq_grinder, uniq_terence,
          uniq_sigmund

Skill      XL: |  1  2  3 |
---------------+----------+-----
Axes           | 3 4 |  4.6
Armour         | 4 |  4.5
Fighting       | |  3.6
Shields        | |  3.6

Action                     |  1- 3 |  4- 6 || total
---------------------------+-------+-------++-------
  Melee: War axe           |    74 |    15 ||    89
         Headbutt          |     7 |     1 ||     8
  Throw: Boomerang         |       |     4 ||     4
    Use: Scroll            |     3 |     2 ||     5
 Armour: Scale mail        |    40 |    15 ||    55
  Dodge: Dodged            |    51 |     8 ||    59
  Block: Buckler           |    11 |     5 ||    16

Table legend: (Time is in decaauts)
 A = Elapsed time spent in this place.
 B = Non-inter-level travel time spent in this place.
 C = Inter-level travel time spent in this place.
 D = Time resting spent in this place.
 E = Time spent auto-exploring this place.
 F = Levels seen in this place.
 G = Mean time per level.
                   A        B        C        D        E       F      G
               +--------+--------+--------+--------+--------+-----+--------+
         Total |   1517 |   1493 |     24 |      0 |   1080 |   3 |  505.7 |
       Dungeon |   1517 |   1493 |     24 |      0 |   1080 |   3 |  505.7 |
               +--------+--------+--------+--------+--------+-----+--------+

Top non-repeatable levels by time:
     D:2: 1006 daAuts
     D:1: 501 daAuts
     D:3: 10 daAuts
